 Dungeon Crawl Stone Soup version 0.31.0-11-ge490571c62 (webtiles) character file.

Game seed: 1629895076985812065

25278 Chiseanne the Covert (level 13, -2/90 HPs)
             Began as an Octopode Shapeshifter on Feb 8, 2024.
             Was an Initiate of Gozag.
             Killed from afar by a kobold blastminer (15 damage)
             ... with an iron shot
             ... on level 2 of the Orcish Mines.
             The game lasted 00:44:06 (11836 turns).

Chiseanne the Covert (Octopode Shapeshifter)       Turns: 11836, Time: 00:44:07

Health: -2/90      AC:  1    Str: 15    XL:     13   Next: 18%
Magic:  13/13      EV: 20    Int: 29    God:    Gozag
Gold:   1428       SH: 19    Dex: 23    Spells: 12/12 levels left

rFire   + . .        a - +2 dagger (venom)
rCold   . . .        A - +0 kite shield
rNeg    . . .        (helmet currently unavailable)
rPois   .            Y - amulet of reflection
rElec   .            l - +6 ring of dexterity
rCorr   +            q - +6 ring of intelligence
SInv    .            v - ring of willpower
Will    ++...        i - ring of resist corrosion
Stlth   +++++++      y - +4 ring of slaying
HPRegen 0.35/turn    B - +6 ring of intelligence
MPRegen 0.13/turn    Q - ring of Wucrekhy {Will+ rCorr Int+4 Dex+3 Slay+2}
                     T - ring of protection from fire

%: reflection
@: beast-form, gold aura
A: beast (slay +4), almost no armour, amphibious, 8 rings, camouflage 1,
gelatinous body 1, (nimble swimmer 1), tentacles
a: Begin Untransformation, Renounce Religion, Potion Petition, Call Merchant,
Bribe Branch


You were on level 2 of the Orcish Mines.
You worshipped Gozag.
Gozag was most pleased with you.
You were a hulking beast.
You visited 3 branches of the dungeon, and saw 16 of its levels.

You collected 2879 gold pieces.
You spent 581 gold pieces at shops.
You paid 870 gold pieces to Gozag.

Inventory:

Hand Weapons
 a - a +2 dagger of venom (weapon)
 s - a +2 falchion of holy wrath
 D - a +2 heavy scimitar
 H - the +1 rapier of Jajagar {drain, *Rage Int+3 Dex+3}
   (You took it off an orc wizard on level 9 of the Dungeon)

   Int+3:     It affects your intelligence (+3).
   Dex+3:     It affects your dexterity (+3).
   *Rage:     It berserks you when you make melee attacks (+20% chance).
 L - a +0 quick blade of chaos
 N - a +1 war axe of electrocution
Missiles
 g - 86 stones
 n - 4 throwing nets
 x - 15 poisoned darts (quivered)
 I - 3 atropa-tipped darts
 K - 3 curare-tipped darts
 M - 24 boomerangs
 O - 9 javelins
Armour
 A - a +0 kite shield (worn)
Magical Staves
 p - a staff of cold
 F - a staff of death
 V - a staff of earth
Jewellery
 d - a ring of ice
 f - an amulet of regeneration
 i - a ring of resist corrosion (on tentacle)
 l - a +6 ring of dexterity (left tentacle)
 q - a +6 ring of intelligence (right tentacle)
 v - a ring of willpower (on tentacle)
 y - a +4 ring of slaying (on tentacle)
 B - a +6 ring of intelligence (on tentacle)
 Q - the ring of Wucrekhy (on tentacle) {Will+ rCorr Int+4 Dex+3 Slay+2}
   (You found it on level 11 of the Dungeon)

   [ring of resist corrosion]

   Int+4:     It affects your intelligence (+4).
   Dex+3:     It affects your dexterity (+3).
   Slay+2:    It affects your accuracy & damage with ranged weapons and melee
   (+2).
   Will+:     It increases your willpower.
   rCorr:     It protects you from acid and corrosion.
 T - a ring of protection from fire (on tentacle)
 Y - an amulet of reflection (around mantle)
Talismans
 b - a beast talisman (active)
 c - a flux talisman
 z - a serpent talisman
Wands
 w - a wand of charming (10)
 P - a wand of polymorph (7)
 U - a wand of flame (12)
 X - a wand of mindburst (4)
Scrolls
 m - 3 scrolls of blinking
 t - a scroll of poison
 E - 2 scrolls of immolation
 R - a scroll of vulnerability
 S - 3 scrolls of teleportation
Potions
 e - 2 potions of lignification
 h - 2 potions of mutation
 j - 4 potions of brilliance
 k - 2 potions of magic
 o - 4 potions of curing
 r - 2 potions of might
 u - 2 potions of resistance
 C - 2 potions of haste
 G - 2 potions of heal wounds
 J - a potion of ambrosia
 W - 2 potions of enlightenment


   Skills:
 * Level 9.4 Fighting
 * Level 9.6 Dodging
 * Level 13.0 Stealth
 * Level 12.0 Shields
 - Level 3.0 Unarmed Combat
 * Level 9.1 Shapeshifting


You had 12 spell levels left.
You didn't know any spells.
Your spell library contained the following spells:

 Spells                   Type           Power      Damage    Failure   Level
 Magic Dart               Conj           0%         1d3       22%         1
 Necrotise                Necr           0%         1d4       22%         1
 Sandblast                Erth           0%         2d4       22%         1
 Blink                    Tloc           0%         N/A       32%         2
 Call Imp                 Summ           0%         N/A       32%         2
 Passwall                 Erth           0%         N/A       54%         3
 Stone Arrow              Conj/Erth      0%         3d7       54%         3
 Vampiric Draining        Necr           0%         2d6       54%         3
 Brom's Barrelling Bould  Conj/Erth      0%         2d3       91%         4
 Cause Fear               Hex            0%         N/A       91%         4
 Ignite Poison            Fire/Alch      0%         N/A       91%         4
 Martyr's Knell           Necr/Summ      0%         N/A       91%         4
 Sticky Flame             Fire/Alch      0%         2d4       91%         4
 Summon Blazeheart Golem  Fire/Summ      0%         N/A       91%         4
 Vhi's Electric Charge    Tloc/Air       0%         N/A       91%         4
 Alistair's Intoxication  Alch           0%         N/A       99%         5
 Arcjolt                  Conj/Air       0%         1d10      99%         5
 Borgnjor's Vile Clutch   Necr/Erth      0%         N/A       99%         5
 Curse of Agony           Necr           0%         N/A       99%         5
 Fireball                 Conj/Fire      0%         3d3       99%         5
 Eringya's Noxious Bog    Alch           0%         4d6       100%        6
 Orb of Destruction       Conj           0%         9d5       100%        7
 Spellforged Servitor     Conj/Summ      0%         N/A       100%        7
 Ignition                 Fire           0%         3d3       100%        8
 Lehudib's Crystal Spear  Conj/Erth      0%         10d2      100%        8
 Maxwell's Capacitive Co  Air            0%         ∞         100%        8
 Dragon's Call            Summ           0%         N/A       100%        9
 Animate Armour           Summ/Erth      Unusable   N/A       N/A         4

Dungeon Overview and Level Annotations

Branches:
Dungeon (13/15)            Temple (1/1) D:7            Lair (0/5) D:10
    Orc (2/2) D:10            Elf (0/3) Orc:2
 Vaults: D:13-14

Altars:
Ashenzari
Cheibriados
Dithmenos
Elyvilon
Fedhas
Gozag
Hepliaklqana
Kikubaaqudgha
Makhleb
Nemelex Xobeh
Okawaru
Qazlal
Ru
Sif Muna
Trog
Uskayaw
Vehumet
Wu Jian
Xom
Yredelemnul
Zin
The Shining One

Shops:
D:9 *   D:12 *

Annotations:
D:6 Dowan, Duvessa
D:11 exclusion: 4 doors, Amaemon


Innate Abilities, Weirdness & Mutations

You are a hulking beast.
Your limbs bulge with bestial killing power. (Slay +4)
You cannot wear most types of armour.
You are amphibious.
You can wear up to eight rings at the same time.
Your skin changes colour to match your surroundings (Stealth+).
Your rubbery body absorbs attacks. (AC +1, EV +1)
((You are camouflaged when in or above water. (Stealth+)))
You have tentacles for arms and can constrict up to eight enemies at once.


Message History

You block the kobold blastminer's attack.
The orc misses you. You block the orc's attack.
You block the orc warrior's attack.
The orc knight hits you with a +0 great sword!
* * * LOW HITPOINT WARNING * * *
You release your grip on the orc knight.
You block the kobold blastminer's attack.
You block the orc's attack.
The orc knight attacks as it pursues you!
You block the orc knight's attack.
The kobold blastminer wields a +0 arbalest.
The kobold blastminer shoots a bolt.
You block the bolt with an invisible shield... and reflect it back!
The bolt hits the orc!
You kill the orc!
You block the orc warrior's attack.
The orc knight unwields a +0 great sword.
The orc knight wields a +0 arbalest.
The orc knight shoots a bolt.
You block the bolt with an invisible shield... and reflect it back!
The bolt hits the orc warrior!
The kobold blastminer shoots a bolt.
You block the bolt with an invisible shield... and reflect it back!
The bolt hits the kobold blastminer!
You block the orc warrior's attack.
There is an open door here.
You feel a bit more experienced.
The kobold blastminer blasts its cannon at you.
The iron shot hits you!
* * * LOW HITPOINT WARNING * * *
The kobold blastminer shoots a bolt.
You block the bolt with an invisible shield... and reflect it back!
The bolt hits the kobold blastminer!
Okay, then.
Aiming: Charm
Press: ? - help, Shift-Dir - straight line, f - kobold blastminer
Aim: a kobold blastminer, wielding a +0 arbalest (severely wounded, chance to affect: 49%)
The kobold blastminer resists with some effort.
The kobold blastminer blasts its cannon at you.
The iron shot hits you!
You die...
Your body crumbles into a pile of gold.

#.....#..........###....
#.....#....<.......##...
+..⌠o.#..............#..
#.$.o.#.....)...# ....
#..o..#...)))..#........
###K###...).)### .....
#.........))## ....
#...........# .##
##.....h...### #.
#.......###.##.#
##.......##....## ### #
#.........#.....# ..# ##
#...............##..#.##
#.#........#....#....#
###.............#....# #
###P............# ####
#♣...........)# #...


You could see a kobold blastminer.

Vanquished Creatures
  Harold (D:10)
  3 centaur warriors (D:13)
  6 two-headed ogres
  2 orc knights (Orc:2)
  2 ugly things (D:11)
  2 deep elf pyromancers
  2 orc sorcerers (Orc:2)
  6 cyclopes
  2 manticores
  2 kobold blastminers (Orc:2)
  2 gargoyles
  A komodo dragon (D:12)
  5 kobold demonologists
  Psyche (D:11)
  3 trolls
  Prince Ribbit (D:7)
  2 wraiths
  A vampire (D:11)
  3 wyverns (D:8)
  Grum (D:8)
  Eustachio (D:6)
  A warg (Orc:2)
  5 yaks (D:10)
  4 steam dragons
  8 vampire mosquitoes
  An acid dragon (D:11)
  19 orc warriors
  2 black bears
  4 ogres
  3 wolves (D:8)
  A centaur (D:8)
  5 kobold brigands
  2 bullfrogs
  Blork the orc (D:6)
  5 scorpions
  3 gnoll sergeants
  3 wights
  6 killer bees
  10 howler monkeys
  2 bombardier beetles (D:4)
  8 hounds
  A jelly (D:7)
  9 orc priests
  A sleepcap (D:5)
  4 iguanas
  8 orc wizards
  Terence (D:2)
  12 gnolls
  7 adders
  2 ufetubi (D:5)
  3 ribbon worms
  A dart slug (D:1)
  82 orcs
  5 ball pythons
  8 endoplasms
  3 giant cockroaches (D:4)
  8 goblins
  8 hobgoblins
  2 jackals (D:1)
  2 quokkas
  9 bats
  4 frilled lizards
  12 kobolds
  13 rats
347 creatures vanquished.

Vanquished Creatures (collateral kills)
  5 orcs (D:10)
5 creatures vanquished.

Vanquished Creatures (others)
  A vampire mosquito (D:10)
  A howler monkey (D:6)
  An orc wizard (D:8)
  2 orcs
5 creatures vanquished.

Grand Total: 357 creatures vanquished

Notes
Turn   | Place    | Note
-------+----------+-------------------------------------------
     0 | D:1      | Chiseanne the Octopode Shapeshifter began the quest for the
                  | Orb.
     0 | D:1      | Reached XP level 1. HP: 13/13 MP: 1/1
    54 | D:1      | Reached skill level 1 in Stealth
    54 | D:1      | Reached XP level 2. HP: 18/18 MP: 2/2
   224 | D:1      | Reached XP level 3. HP: 23/23 MP: 3/3
   712 | D:2      | Noticed Terence
   720 | D:2      | Killed Terence
   721 | D:2      | Reached skill level 2 in Stealth
   813 | D:2      | Reached XP level 4. HP: 22/29 MP: 4/4
  1323 | D:2      | Found a faded altar of an unknown god.
  1431 | D:2      | Reached skill level 3 in Stealth
  1431 | D:2      | Reached XP level 5. HP: 34/34 MP: 5/5
  2108 | D:3      | Found a glowing golden altar of the Shining One.
  2782 | D:4      | Noticed a black bear
  2797 | D:4      | Reached skill level 1 in Shields
  2881 | D:4      | Reached XP level 6. HP: 41/41 MP: 6/6
  3143 | D:4      | Reached XP level 7. HP: 36/45 MP: 7/7
  3309 | D:4      | Reached skill level 5 in Shields
  3666 | D:5      | Entered Level 5 of the Dungeon
  3903 | D:5      | Reached XP level 8. HP: 51/51 MP: 8/8
  4148 | D:5      | Found a bloodstained altar of Trog.
  4655 | D:6      | Noticed Eustachio
  4675 | D:6      | Killed Eustachio
  4689 | D:6      | Noticed Blork the orc
  4692 | D:6      | Killed Blork the orc
  4693 | D:6      | Reached skill level 4 in Stealth
  4808 | D:6      | Noticed Dowan
  4831 | D:6      | Noticed Duvessa
  4921 | D:7      | Reached skill level 5 in Stealth
  4921 | D:7      | Reached XP level 9. HP: 27/57 MP: 9/9
  4994 | D:7      | Noticed Prince Ribbit
  5070 | D:7      | Killed Prince Ribbit
  5267 | D:7      | Found a staircase to the Ecumenical Temple.
  5380 | Temple   | Entered the Ecumenical Temple
  5390 | Temple   | Became a worshipper of Gozag Ym Sagoz the Greedy
  5449 | D:8      | Reached skill level 6 in Stealth
  5485 | D:8      | Reached skill level 5 in Shapeshifting
  5491 | D:8      | Noticed a gargoyle
  5710 | D:7      | Reached skill level 5 in Dodging
  5801 | D:8      | Identified the +1 leather armour "Cuahox" {rElec rF+++
                  | Dex-4 Slay+2}
  5924 | D:8      | Reached skill level 5 in Fighting
  5924 | D:8      | Reached skill level 7 in Stealth
  5924 | D:8      | Noticed Grum
  5934 | D:8      | Reached XP level 10. HP: 64/66 MP: 10/10
  5937 | D:8      | Killed Grum
  6391 | D:9      | Found a hide-covered altar of Uskayaw.
  6401 | D:9      | Identified the +1 rapier of Jajagar {drain, *Rage Int+3
                  | Dex+3}
  6451 | D:9      | Found an ancient bone altar of Kikubaaqudgha.
  6550 | D:9      | Found Yzog Neach's Lightly-Used Armoury.
  6553 | D:9      | Bought a -1 quick blade for 120 gold pieces
  6721 | D:9      | Noticed a two-headed ogre
  6725 | D:9      | Found a basalt altar of Yredelemnul.
  6831 | D:9      | Found a shimmering altar of Xom.
  6854 | D:9      | Killed a two-headed ogre
  6855 | D:9      | Reached skill level 8 in Stealth
  6863 | D:9      | Noticed a manticore
  6866 | D:9      | Found a sacrificial altar of Ru.
  6867 | D:9      | Found a shadowy altar of Dithmenos.
  6867 | D:9      | Found an ornate altar of the Wu Jian Council.
  6868 | D:9      | Found a radiant altar of Vehumet.
  6872 | D:9      | Killed a manticore
  6984 | D:10     | Entered Level 10 of the Dungeon
  7052 | D:10     | Found a staircase to the Orcish Mines.
  7247 | D:10     | Found a staircase to the Lair.
  7373 | D:10     | Noticed a two-headed ogre
  7392 | D:10     | Killed a two-headed ogre
  7393 | D:10     | Reached skill level 9 in Stealth
  7393 | D:10     | Reached skill level 10 in Shields
  7479 | D:10     | Reached XP level 11. HP: 69/74 MP: 11/11
  7720 | D:10     | Noticed Harold
  7732 | D:10     | Killed Harold
  7815 | D:10     | Found a glowing silver altar of Zin.
  7944 | D:11     | Noticed Psyche
  7956 | D:11     | Killed Psyche
  8053 | D:11     | Noticed a cyan ugly thing
  8068 | D:11     | Killed a cyan ugly thing
  8196 | D:11     | Reached skill level 10 in Stealth
  8271 | D:11     | Identified the ring of Wucrekhy {Will+ rCorr Int+4 Dex+3
                  | Slay+2}
  8347 | D:11     | Noticed Amaemon
  8446 | D:11     | Noticed a sun demon
  8459 | D:11     | Noticed a sixfirhy
  8521 | D:11     | Noticed a cyclops
  8528 | D:11     | Killed a cyclops
  8543 | D:11     | Noticed a green ugly thing
  8552 | D:11     | Killed a green ugly thing
  8891 | D:11     | Noticed a cyclops
  8898 | D:11     | Killed a cyclops
  8987 | D:12     | Bought a scroll of teleportation for 39 gold pieces
  8987 | D:12     | Bought a scroll of blinking for 97 gold pieces
  8987 | D:12     | Bought a ring of protection from fire for 325 gold pieces
  9136 | D:12     | Noticed a cyclops
  9139 | D:12     | Killed a cyclops
  9140 | D:12     | Reached skill level 11 in Stealth
  9140 | D:12     | Reached XP level 12. HP: 82/82 MP: 12/12
  9392 | D:12     | Found a blossoming altar of Fedhas.
  9913 | D:13     | Noticed a centaur warrior
  9924 | D:13     | Killed a centaur warrior
  9995 | D:13     | Noticed a centaur warrior
 10357 | D:13     | Killed a centaur warrior
 10385 | D:13     | Noticed a centaur warrior
 10393 | D:13     | Killed a centaur warrior
 10394 | D:13     | Reached skill level 12 in Stealth
 10399 | D:13     | Noticed an ironbound preserver
 10568 | Orc:1    | Entered Level 1 of the Orcish Mines
 10624 | Orc:2    | Entered Level 2 of the Orcish Mines
 10665 | Orc:2    | Noticed a two-headed ogre
 10673 | Orc:2    | Killed a two-headed ogre
 10816 | Orc:2    | Noticed a two-headed ogre
 11024 | Orc:2    | Noticed a two-headed ogre
 11048 | Orc:2    | Killed a two-headed ogre
 11121 | Orc:2    | Noticed a two-headed ogre
 11136 | Orc:2    | Killed a two-headed ogre
 11256 | Orc:2    | Killed a two-headed ogre
 11257 | Orc:2    | Reached XP level 13. HP: 90/90 MP: 13/13
 11434 | Orc:2    | Found a staircase to the Elven Halls.
 11690 | Orc:2    | Reached skill level 13 in Stealth
 11836 | Orc:2    | Killed from afar by a kobold blastminer

Illustrated notes

Levels and vault maps discovered:
D:1:      lightli_arrival_chessboard, layout_basic
D:2:      layout_basic, nicolae_ecumenical_oubliette, minmay_tiny_reverse_x,
          uniq_terence
D:3:      layout_loops_ring, old_standard_altar, chequers_serial_rivers_micro_e,
          due_unseen_surprise
D:4:      minmay_evil_eye, layout_basic, kennysheep_generic_room_13
D:5:      layout_gridville, kennysheep_mini_moat
D:6:      layout_rooms, columned_hall_lemuel, amcnicky_mini_pool_small,
          uniq_duvessa, uniq_maggie, uniq_blork_the_orc, uniq_eustachio
D:7:      layout_cave_pools, minmay_temple_entry_offerings, uniq_prince_ribbit1
D:8:      layout_cave_pools, grunt_decor_fettered,
          minmay_fractal_squares_diagonal_5, uniq_grum
D:9:      layout_rooms, eat_drink_and_be_merry_uskayaw,
          mainiacjoe_overflow_catwalk, minitemple, serial_rivers,
          chequers_serial_rivers_room_b, chequers_serial_rivers_small_b,
          chequers_serial_rivers_micro_d, chequers_serial_rivers_small_a,
          chequers_serial_rivers_small_3, chequers_serial_rivers_micro_a,
          minmay_shop_damaged
D:10:     layout_rooms, zin_scriptorium, dpeg_oklobed_lair, orc_0_dummy,
          special_room [special_room_orc], serial_corexii_hall,
          corexii_hall_statues_i, chequers_hall_statues_wall_a, uniq_harold
D:11:     layout_roguey, uniq_psyche, uniq_amaemon
D:12:     layout_basic, drop_trap, minmay_stone_trees_medium, fedhas_altar_3
D:13:     layout_roguey [special_room_bee], skrybe_vaults_entry_preservation
Temple:   jpeg_temple_clearing
Orc:1:    layout_diamond_mine, basic_altar
Orc:2:    pubby_orc_utopia

Skill      XL: |  1  2  3  4  5  6  7  8  9 10 11 12 13 |
---------------+----------------------------------------+-----
Stealth        | 1 2 3 5 7 9 11 12 13 | 13.0
Fighting       | 2 3 5 6 7 9 |  9.4
Dodging        | 3 4 5 6 8 9 |  9.6
Shields        | 2 4 7 8 9 10 11 12 | 12.0
Shapeshifting  | 4 5 6 7 8 9 |  9.1
Unarmed Combat | |  3.0

Action                     |  1- 3 |  4- 6 |  7- 9 | 10-12 | 13-15 || total
---------------------------+-------+-------+-------+-------+-------++-------
  Melee: Unarmed           |    49 |    69 |       |       |       ||   118
         Tentacles         |    14 |    23 |    29 |   105 |    17 ||   188
         Constrict         |    12 |    30 |    36 |    79 |    17 ||   174
         Punch             |     1 |       |     3 |    15 |     6 ||    25
         Dagger            |       |    36 |   126 |   325 |    65 ||   552
         Falchion          |       |       |     2 |    26 |       ||    28
         War axe           |       |       |       |     4 |       ||     4
  Throw: Dart              |       |     3 |    20 |    39 |     6 ||    68
         Stone             |       |     2 |     4 |       |       ||     6
         Throwing net      |       |       |       |     5 |       ||     5
 Invoke: Call Merchant     |       |       |       |     1 |       ||     1
  Evoke: Wand              |       |       |    12 |    11 |     1 ||    24
    Use: Scroll            |     2 |     8 |     7 |     9 |       ||    26
         Potion            |       |       |     2 |     1 |       ||     3
   Stab: Sleeping          |     5 |    17 |     9 |    22 |     6 ||    59
         Distracted        |       |       |     1 |     6 |       ||     7
         Held in net/web   |       |       |       |     2 |       ||     2
         Invisible         |       |       |       |     1 |       ||     1
 Armour: Skin              |    14 |    24 |    64 |   122 |    14 ||   238
  Dodge: Dodged            |    20 |    55 |    78 |   187 |    25 ||   365
  Block: Buckler           |       |    10 |    19 |       |       ||    29
         Kite shield       |       |       |    61 |   228 |    83 ||   372
         Reflection        |       |       |       |     6 |    10 ||    16
   Form: Beast             |     1 |       |       |       |       ||     1
